 Dungeon Sprint DCSS version 0.21-a0-110-g8e1637b (webtiles) character file.

587792 minicreteconcrete the Talismancer (level 22, -13/188 (190) HPs)
             Began as a Demonspawn Berserker on July 8, 2017.
             Was a High Priest of Trog.
             Mangled by Cerebov
             ... wielding the +6 sword of Cerebov {flame}
              (19 damage)
             ... in the Dungeon (Sprint IX: "|||||||||||||||||||||||||||||") on July 9, 2017.
             The game lasted 01:20:15 (4785 turns).

minicreteconcrete the Talismancer (DsBe)            Turns: 4785, Time: 01:20:16

HP:   -13/188 (190) AC: 31    Str: 28    XL:     22   Next: 18%
MP:   0/13          EV: 37    Int: 12    God:    Trog [*****.]
Gold: 106           SH:  0    Dex: 24    Spells: 21/21 levels left

rFire    + + .     SeeInvis .   a - +8 great sword (antimagic)
rCold    + . .     Gourm    .   (shield currently unavailable)
rNeg     + + .     Faith    .   I - +0 chain mail of Grace {rF+ rCorr Dex+4}
rPois    +         Spirit   +   (helmet unavailable)
rElec    +         Reflect  .   X - +2 cloak
rCorr    +         Harm     .   b - +0 pair of gloves of the Eternal Fruit {rPois Regen+ Str+5}
MR       +++..     Rnd*Rage +   P - +1 pair of boots Stlth ++++++++..NoTele +
                                Y - amulet of the Elephant {+Inv rN+ Regen+}
HPRegen  2.21/turn              N - ring of fire
MPRegen  0.26/turn              B - ring "Joxkotul" {rC+ Int+3 Slay+3}

@: agile, berserk cooldown, regenerating, slowed, very slow
A: horns 3, icy blue scales 3, berserk 1, blurry vision 1, clumsy 1, frail 1,
negative energy resistance 1, powered by pain 3, screaming 1, electricity
resistance, magic shield, magic regeneration, magic link
}: 10/15 runes: decaying, serpentine, slimy, elven, silver, golden, iron, bone,
abyssal, gossamer
a: Berserk, Trog's Hand, Brothers in Arms, Burn Spellbooks, Renounce Religion,
Evoke Invisibility


You were in the Dungeon.
You worshipped Trog.
Trog was extremely pleased with you.
You were very hungry.

You visited 1 branch You collected 1945 gold pieces.
You spent 1839 gold pieces at shops.

Inventory:

Hand Weapons
 a - a +8 antimagic great sword (weapon)
 t - the +4 staff of Dispater
   (You took it off Dispater in the Dungeon)
 w - a +1 battleaxe of distortion
 O - the +10 great sword "Jellyslayer" {distort, +Inv rF+ rC+}
   (You found it in the Dungeon)

   It warps and distorts space around it.
   Unwielding it can cause banishment or high damage.
   It protects you from fire.
   It protects you from cold.
   It lets you turn invisible.
 Z - the +8 demon blade "Leech" {vamp, rN+ AC-3 EV-3}
   (You found it in the Dungeon)

   It inflicts no extra harm, but heals its wielder when it wounds a living foe.
   It affects your AC (-3).
   It affects your evasion (-3).
   It protects you from negative energy.
Missiles
 A - a javelin of penetration
 J - 42 javelins of returning (quivered)
 W - 10 javelins
Armour
 b - the +0 pair of gloves of the Eternal Fruit (worn) {rPois Regen+ Str+5}
   (You found it in the Dungeon)

   It affects your strength (+5).
   It protects you from poison.
   It increases your rate of regeneration.
 E - +0 gold dragon scales
 F - the +2 chain mail of the Tired Wars {rF+ SInv}
   (You found it in the Dungeon)

   It protects you from fire.
   It lets you see invisible.
 G - a +8 large shield
 I - the +0 chain mail of Grace (worn) {rF+ rCorr Dex+4}
   (You bought it in a shop in the Dungeon)

   It affects your dexterity (+4).
   It protects you from fire.
   It protects you from acid and corrosion.
 P - a +1 pair of boots (worn)
 Q - +1 ice dragon scales
 R - +0 acid dragon scales
 X - a +2 cloak (worn)
Magical Staves
 n - an uncursed staff of energy
Jewellery
 o - the ring of the Townfolk {rC++ Str+3 Int+4 Dex-3}
   (You found it in the Dungeon)

   [ring of strength]

   It affects your strength (+3).
   It affects your intelligence (+4).
   It affects your dexterity (-3).
   It greatly protects you from cold.
 r - a +2 ring of protection
 s - a +3 ring of strength
 v - an uncursed ring of protection from cold
 x - the ring of the Mage {Wiz MR++ Int+3}
   (You found it in the Dungeon)

   [ring of wizardry]

   It improves your spell success rate.
   It affects your intelligence (+3).
   It affects your resistance to hostile enchantments.
 B - the ring "Joxkotul" (right hand) {rC+ Int+3 Slay+3}
   (You took it off Mara in the Dungeon)

   [ring of slaying]

   It affects your intelligence (+3).
   It affects your accuracy and damage with ranged weapons and melee attacks
   (+3).
   It protects you from cold.
 K - an uncursed ring of fire
 L - an uncursed ring of protection from magic
 M - an uncursed ring of see invisible
 N - a ring of fire (left hand)
 Y - the amulet of the Elephant (around neck) {+Inv rN+ Regen+}
   (You found it in the Dungeon)

   [amulet of regeneration]

   It protects you from negative energy.
   It lets you turn invisible.
   It increases your rate of regeneration.
Wands
 m - a wand of lightning (0/15)
Scrolls
 i - 3 scrolls of blinking
 l - 6 scrolls of remove curse
 y - 7 scrolls of fog
 z - 2 scrolls of enchant armour
 U - 2 scrolls of fear
Potions
 d - 2 potions of curing
 e - 8 potions of heal wounds
 f - 10 potions of haste
 g - 4 potions of magic
 h - 4 potions of berserk rage
 k - a potion of invisibility
 u - 2 potions of might
 S - 2 potions of brilliance
 T - a potion of agility
 V - a potion of resistance
Miscellaneous
 j - a lamp of fire
 p - the horn of Geryon
Comestibles
 c - 3 bread rations
 q - 3 chunks of flesh
 C - 40 fruits
 D - 11 meat rations


   Skills:
 O Level 27 Fighting
 O Level 27 Long Blades
 + Level 9.4 Axes
 + Level 9.3 Staves
 O Level 27 Throwing
 O Level 27 Armour
 O Level 27 Dodging
 O Level 27 Stealth
 O Level 27 Shields
 + Level 9.3 Unarmed Combat
 O Level 27 Evocations


You had 21 spell levels left.
You didn't know any spells.

Dungeon Overview and Level Annotations

Branches:
Dungeon (1/1)

Altars:
Cheibriados
Dithmenos
Elyvilon
Fedhas
Gozag
Hepliaklqana
Kikubaaqudgha
Makhleb
Nemelex Xobeh
Okawaru
Qazlal
Ru
Sif Muna
Trog
Uskayaw
Vehumet
Wu Jian
Xom
Yredelemnul
Zin
The Shining One
Beogh
Jiyva
Lugonu

Shops:
D *%%*

Annotations:
D Cerebov


Innate Abilities, Weirdness & Mutations

You have a pair of large horns on your head.
You are completely covered in icy blue scales. (AC +4, rC+)
You resist negative energy. (rN+)
You are powered by pain.
When hurt, damage is shared between your health and your magic reserves.
You regenerate magic rapidly.
When low on magic, you restore magic in place of health.
You tend to lose your temper in combat.
Scrolls take you a little longer to read.
You are clumsy. (Dex -2)
You are frail. (-10% HP)
You occasionally shout uncontrollably at your foes.
You are resistant to electric shocks. (rElec)


Message History

Cerebov's magic leaks into the air.
Cerebov is severely wounded.
You slice Cerebov!!
Cerebov's magic leaks into the air.
Your headbutt misses Cerebov.
Cerebov is severely wounded.
You hit Cerebov but do no damage. You headbutt Cerebov, but do no damage.
Cerebov is severely wounded.
Cerebov completely misses you.
You barely miss Cerebov. You headbutt Cerebov.
Cerebov is severely wounded.
You are no longer berserk.
You are exhausted.
You feel yourself slow down.
Unknown command.
You slash Cerebov!
Cerebov's magic leaks into the air.
Cerebov is severely wounded.
Cerebov completely misses you.
You riposte.
You hit Cerebov but do no damage.
Cerebov is severely wounded.
Cerebov hits you with a great serpentine sword {flame}!!
You die...

▓.▓.▓.▓.▓.▓.▓.▓.▓.
▓.▓.▓.▓.▓)▓.▓.▓.▓.
▓)▓.▓.▓.▓.▓.▓(▓.▓(
▓.▓.▓.▓.▓.▓.▓.▓.▓.
▓'▓.▓.▓.▓.▓.▓.▓.▓.
▓.▓.▓.▓.▓.▓.▓.▓.▓)
▓.▓.▓.▓.▓)▓.▓)▓.▓)
▓.▓.▓.▓.▓.▓.▓.▓.▓)
▓@▓.▓)▓.▓.▓.▓.▓.▓.
▓&▓.▓)▓.▓.▓.▓)▓.▓)
▓.▓.▓.▓.▓.▓.▓.▓.▓)
▓φ▓.▓†▓.▓.▓.▓.▓.▓)
▓.▓.▓)▓.▓.▓.▓.▓.▓)
▓.▓.▓.▓.▓.▓.▓.▓.▓.
▓φ▓.▓.▓.▓.▓.▓)▓.▓.
▓.▓.▓.▓.▓)▓.▓.▓.▓)
▓.▓.▓.▓.▓.▓0▓.▓.


You could see Cerebov.

Vanquished Creatures
  Antaeus (D)
  Ereshkigal (D)
  the Royal Jelly (D)
  Mnoleg (D)
  4 orbs of fire (D)
  Dispater (D)
  3 ancient liches (D)
  Mara (D)
  Sojobo (D)
  Boris (D)
  7 greater mummies (D)
  A curse toe (D)
  Xtahua (D)
  Margery (D)
  Nikola (D)
  Geryon (D)
  2 golden dragons (D)
  3 bone dragons (D)
  3 liches (D)
  4 electric golems (D)
  10 tentacled monstrosities (D)
  30 Orb Guardians (D)
  A quicksilver dragon (D)
  2 deep elf blademasters (D)
  2 deep elf master archers (D)
  A titan (D)
  14 acid blobs (D)
  3 death cobs (D)
  13 sphinxes (D)
  2 tentacled starspawn (D)
  3 tengu reavers (D)
  7 shadow dragons (D)
  7 nagarajas (D)
  2 azure jellies (D)
  Ilsuiw (D)
  2 fire giants (D)
  A storm dragon (D)
  3 ghost moths (D)
  2 draconian knights (D)
  Louise (D)
  Aizul (D)
  A vault warden (D)
  4 deep elf sorcerers (D)
  5 emperor scorpions (D)
  7 draconian stormcallers (D)
  A stone giant (D)
  A draconian shifter (D)
  3 ironheart preservers (D)
  3 very ugly things (D)
  Nessos (D)
  10 vampire knights (D)
  A green draconian (D)
  2 deep elf demonologists (D)
  Azrael (D)
  4 purple draconians (D)
  3 white draconians (D)
  5 yellow draconians (D)
  2 red draconians (D)
  4 deep elf death magi (D)
  5 ettins (D)
  A crystal guardian (D)
  4 merfolk javelineers (D)
  2 merfolk impalers (D)
  4 mummy priests (D)
  2 fire dragons (D)
  12 death oozes (D)
  A great orb of eyes (D)
  4 ice dragons (D)
  5 hydras (D)
  3 yaktaur captains (D)
  25 vault guards (D)
  A spriggan air mage (D)
  2 naga warriors (D)
  A rakshasa (D)
  4 merfolk avatars (D)
  2 death knights (D)
  4 centaur warriors (D)
  An anaconda (D)
  Erica (D)
  4 merfolk aquamancers (D)
  A vampire mage (D)
  An ogre mage (D)
  3 orc high priests (D)
  A shock serpent (D)
  A spriggan berserker (D)
  A shadow wraith (D)
  4 hell knights (D)
  A sea snake (D)
  4 swamp dragons (D)
  A wizard (D)
  A glowing orange brain (D)
  A shambling mangrove (D)
  A harpy (D)
  7 orc knights (D)
  A phantasmal warrior (D)
  A necromancer (D)
  An orb spider (D)
  2 ironbrand convokers (D)
  4 ugly things (D)
  A mana viper (D)
  3 wolf spiders (D)
  A faun (shapeshifter) (D)
  9 moths of wrath (D)
  A cyclops (D)
  3 vault sentinels (D)
  2 black mambas (D)
  A torpor snail (D)
  3 naga magi (D)
  2 spiny frogs (D)
  2 guardian serpents (D)
  4 yaktaurs (D)
  A demonic crawler (D)
  An efreet (D)
  17 guardian mummies (D)
  4 tengu conjurers (D)
  2 komodo dragons (D)
  2 merfolk (D)
  A wandering mushroom (D)
  2 polar bears (D)
  3 trolls (D)
  A jumping spider (D)
  A hornet (D)
  3 slime creatures (D)
  2 raiju (D)
  A bog body (D)
  A snapping turtle (D)
  A hippogriff (D)
  A redback (D)
  A tarantella (D)
  11 spriggans (D)
  A wyvern (D)
  5 fire elementals (D)
  2 yaks (D)
  2 ynoxinuls (D)
  A golden eye (D)
  A wraith (D)
  A basilisk (D)
  A vampire mosquito (D)
  A small abomination (D)
  An acid dragon (D)
  3 nagas (D)
  A water moccasin (D)
  A porcupine (D)
  3 swamp drakes (D)
  A sky beast (D)
  An eye of draining (D)
  2 black bears (D)
  An ice beast (D)
  12 orc warriors (D)
  A boggart (D)
  A wolf (D)
  A centaur (D)
  2 crocodiles (D)
  4 bullfrogs (D)
  A howler monkey (D)
  6 orc wizards (D)
  2 gnolls (D)
  An adder (D)
  A shadow imp (D)
  An adder zombie (D)
  A leopard gecko (D)
  15 orcs (D)
  A bat (D)
  A goblin (D)
  A jackal (D)
  A frilled lizard (D)
  A giant cockroach zombie (D)
  A jackal skeleton (D)
  A rat (D)
  5 crawling corpses (D)
  2 fire vortices (D)
  2 starspawn tentacles (D)
512 creatures vanquished.

Vanquished Creatures (collateral kills)
  Mennas (D)
  2 stone giants (D)
  A fire dragon (D)
  A spriggan druid (D)
  2 orc knights (D)
  A yaktaur (D)
  A polar bear (D)
  A basilisk (D)
  A water moccasin (D)
  3 black bears (D)
  A crocodile (D)
15 creatures vanquished.

Vanquished Creatures (others)
  A draconian knight (D)
  A merfolk impaler (D)
  A demonic crawler (D)
  A slime creature (D)
  A starspawn tentacle (D)
5 creatures vanquished.

Grand Total: 532 creatures vanquished

Notes
Turn   | Place    | Note
-------+----------+-------------------------------------------
     0 | D        | minicreteconcrete the Demonspawn Berserker began the quest for the Orb.
     0 | D        | Reached XP level 1. HP: 18/18 MP: 1/1
    13 | D        | Gained mutation: You have a pair of small horns on your head. [demonic ancestry]
    13 | D        | Reached XP level 2. HP: 5/25 MP: 2/2
    17 | D        | Reached ** piety under Trog
    19 | D        | HP: 1/25 [frilled lizard (1)]
    55 | D        | Noticed a howler monkey
    65 | D        | Reached *** piety under Trog
    69 | D        | Killed a howler monkey
    69 | D        | Reached skill level 5 in Fighting
    69 | D        | Reached skill level 5 in Long Blades
    69 | D        | Gained mutation: You sometimes gain a little power by taking damage. [demonic ancestry]
    69 | D        | Reached XP level 3. HP: 32/33 MP: 3/3
    79 | D        | Found a roughly hewn altar of Beogh.
    79 | D        | Found a snail-covered altar of Cheibriados.
    79 | D        | Found a shadowy altar of Dithmenos.
    79 | D        | Found a white marble altar of Elyvilon.
    79 | D        | Found a blossoming altar of Fedhas.
    79 | D        | Found an opulent altar of Gozag.
    80 | D        | Found a hazy altar of Hepliaklqana.
    81 | D        | Found a viscous altar of Jiyva.
    82 | D        | Found an ancient bone altar of Kikubaaqudgha.
    83 | D        | Found a corrupted altar of Lugonu.
    84 | D        | Found a burning altar of Makhleb.
    85 | D        | Found a sparkling altar of Nemelex Xobeh.
    86 | D        | Found an iron altar of Okawaru.
    87 | D        | Found a stormy altar of Qazlal.
    88 | D        | Found a sacrificial altar of Ru.
    89 | D        | Found a deep blue altar of Sif Muna.
    90 | D        | Found a bloodstained altar of Trog.
    91 | D        | Found a hide-covered altar of Uskayaw.
    92 | D        | Found a radiant altar of Vehumet.
    93 | D        | Found an ornate altar of the Wu Jian Council.
    94 | D        | Found a shimmering altar of Xom.
    95 | D        | Found a basalt altar of Yredelemnul.
    96 | D        | Found a glowing silver altar of Zin.
    97 | D        | Found a glowing golden altar of the Shining One.
   144 | D        | Noticed a wraith
   144 | D        | Noticed a sky beast
   144 | D        | Noticed a wyvern
   148 | D        | Reached **** piety under Trog
   148 | D        | Gained mutation: You are partially covered in icy blue scales. (AC +2) [demonic ancestry]
   148 | D        | Reached XP level 4. HP: 39/39 MP: 4/4
   157 | D        | Killed a wraith
   157 | D        | Gained mutation: You are mostly covered in icy blue scales. (AC +3) [demonic ancestry]
   157 | D        | Reached XP level 5. HP: 47/47 MP: 5/5
   160 | D        | Killed a sky beast
   160 | D        | Gained mutation: You have a pair of horns on your head. [demonic ancestry]
   160 | D        | Reached XP level 6. HP: 55/55 MP: 6/6
   162 | D        | Killed a wyvern
   162 | D        | Reached skill level 10 in Long Blades
   198 | D        | Noticed an orc warrior
   198 | D        | Noticed a troll
   198 | D        | Noticed a troll
   198 | D        | Noticed a troll
   200 | D        | Reached ***** piety under Trog
   206 | D        | Killed an orc warrior
   206 | D        | Gained mutation: You sometimes gain power by taking damage. [demonic ancestry]
   206 | D        | Reached XP level 7. HP: 63/63 MP: 7/7
   209 | D        | Killed a troll
   209 | D        | Reached skill level 5 in Armour
   209 | D        | Reached skill level 5 in Dodging
   217 | D        | Killed a troll
   217 | D        | Received a gift from Trog
   217 | D        | Reached XP level 8. HP: 71/71 MP: 8/8
   220 | D        | Killed a troll
   336 | D        | Noticed a komodo dragon
   340 | D        | Reached skill level 10 in Fighting
   345 | D        | Killed a komodo dragon
   363 | D        | Reached XP level 9. HP: 63/79 MP: 9/9
   383 | D        | Noticed a spiny frog
   398 | D        | Noticed a komodo dragon
   400 | D        | Reached skill level 1 in Stealth
   405 | D        | Killed a spiny frog
   408 | D        | Received a gift from Trog
   421 | D        | Killed a komodo dragon
   425 | D        | Reached skill level 15 in Long Blades
   440 | D        | Noticed a polar bear
   440 | D        | Noticed a polar bear
   447 | D        | Killed a polar bear
   450 | D        | Noticed a polar bear
   456 | D        | Killed a polar bear
   460 | D        | Received a gift from Trog
   462 | D        | Killed a polar bear
   462 | D        | Gained mutation: When hurt, damage is shared between your health and your magic reserves. [demonic ancestry]
   462 | D        | Reached XP level 10. HP: 41/88 MP: 3/10
   585 | D        | Noticed an orc knight
   590 | D        | Killed an orc knight
   599 | D        | Reached ****** piety under Trog
   602 | D        | Received a gift from Trog
   620 | D        | Noticed an orc knight
   630 | D        | Killed an orc knight
   643 | D        | Noticed an orc knight
   647 | D        | Killed an orc knight
   654 | D        | Received a gift from Trog
   680 | D        | Received a gift from Trog
   703 | D        | Found Ampezoys's Assorted Antiques.
   703 | D        | Noticed an orc high priest
   703 | D        | Noticed an orc knight
   711 | D        | Found Xuziam's Food Shoppe.
   711 | D        | Noticed an orc high priest
   713 | D        | Killed an orc high priest
   717 | D        | Killed an orc knight
   724 | D        | Killed an orc high priest
   724 | D        | Reached XP level 11. HP: 81/98 MP: 3/11
   725 | D        | Found Fianui Vyler's Food Emporium.
   729 | D        | Found Kalokint's Assorted Antiques.
   731 | D        | Noticed an orc high priest
   732 | D        | Bought a lamp of fire for 1040 gold pieces
   732 | D        | Noticed an orc knight
   736 | D        | Noticed an orc knight
   748 | D        | Killed an orc high priest
   748 | D        | Received a gift from Trog
   756 | D        | Killed an orc knight
   763 | D        | Killed an orc knight
   773 | D        | Bought an ichor-stained chain mail for 266 gold pieces
   783 | D        | Identified the +0 chain mail of Grace {rF+ rCorr Dex+4} (You bought it in a shop in the Dungeon)
   792 | D        | Bought a scroll labeled CUQUAPPOALI for 26 gold pieces
   792 | D        | Bought a potion of haste for 260 gold pieces
   793 | D        | Bought a scroll of blinking for 195 gold pieces
   793 | D        | Bought a scroll of identify for 52 gold pieces
   842 | D        | Noticed Erica
   849 | D        | Killed Erica
   849 | D        | Received a gift from Trog
   915 | D        | Got the +10 great sword "Jellyslayer" {distort, +Inv rF+ rC+}
   950 | D        | Noticed an orc knight
   950 | D        | Noticed a centaur warrior
   951 | D        | Reached skill level 10 in Armour
   951 | D        | Reached skill level 1 in Evocations
   953 | D        | Noticed a fire dragon
   957 | D        | Killed a centaur warrior
   959 | D        | Killed an orc knight
   967 | D        | Noticed a fire giant
   967 | D        | Killed a fire dragon
   968 | D        | Noticed a glowing orange brain
   969 | D        | Noticed a purple very ugly thing
   976 | D        | Killed a fire giant
   976 | D        | Received a gift from Trog
   978 | D        | Killed a purple very ugly thing
   978 | D        | Reached skill level 15 in Fighting
   978 | D        | Reached skill level 5 in Evocations
   981 | D        | Killed a glowing orange brain
   984 | D        | Gained mutation: You are powered by pain. [demonic ancestry]
   984 | D        | Reached XP level 12. HP: 82/109 MP: 8/16
  1090 | D        | Noticed an emperor scorpion
  1094 | D        | Received a gift from Trog
  1103 | D        | Killed an emperor scorpion
  1120 | D        | Noticed a merfolk javelineer
  1120 | D        | Noticed a merfolk avatar
  1123 | D        | Received a gift from Trog
  1124 | D        | Killed a merfolk javelineer
  1131 | D        | Noticed a merfolk impaler
  1132 | D        | Killed a merfolk avatar
  1144 | D        | Banished a merfolk impaler
  1172 | D        | Received a gift from Trog
  1184 | D        | Noticed an alligator
  1208 | D        | Received a gift from Trog
  1219 | D        | Noticed an anaconda
  1221 | D        | Reached skill level 1 in Throwing
  1222 | D        | Noticed a nagaraja
  1223 | D        | Reached skill level 10 in Evocations
  1223 | D        | Killed an anaconda
  1224 | D        | Received a gift from Trog
  1234 | D        | Killed a nagaraja
  1234 | D        | Reached XP level 13. HP: 51/119 MP: 14/21
  1354 | D        | Noticed a frost giant
  1357 | D        | Received a gift from Trog
  1372 | D        | Noticed a red very ugly thing
  1376 | D        | Received a gift from Trog
  1378 | D        | Noticed an ettin
  1379 | D        | Killed a red very ugly thing
  1384 | D        | Noticed a stone giant
  1384 | D        | Killed an ettin
  1384 | D        | Received a gift from Trog
  1384 | D        | Reached skill level 5 in Throwing
  1404 | D        | Killed a stone giant
  1422 | D        | Noticed a stone giant
  1430 | D        | Killed a stone giant
  1435 | D        | Received a gift from Trog
  1466 | D        | Received a gift from Trog
  1493 | D        | Received a gift from Trog
  1508 | D        | Noticed an ettin
  1511 | D        | Noticed a cyan very ugly thing
  1513 | D        | Killed an ettin
  1516 | D        | Reached skill level 15 in Evocations
  1520 | D        | Killed a cyan very ugly thing
  1524 | D        | Received a gift from Trog
  1528 | D        | Received a gift from Trog
  1528 | D        | Gained mutation: You regenerate magic rapidly. [demonic ancestry]
  1528 | D        | Reached XP level 14. HP: 54/128 MP: 19/25
  1535 | D        | Noticed a vault warden
  1586 | D        | Noticed Mennas
  1618 | D        | Killed Mennas
  1649 | D        | Noticed Louise
  1691 | D        | Killed Louise
  1691 | D        | Received a gift from Trog
  1734 | D        | Noticed Frederick
  1739 | D        | Banished Frederick
  1749 | D        | Noticed Mara
  1769 | D        | Noticed minicreteconcrete's illusion
  1788 | D        | Noticed minicreteconcrete's illusion
  1799 | D        | HP: 3/130 [minicreteconcrete's illusion[Mara] (8)]
  1846 | D        | Noticed Nessos
  1853 | D        | Killed Nessos
  1872 | D        | Noticed Boris
  1876 | D        | HP: 3/130 [disintegration (49)]
  1884 | D        | Killed Boris
  1955 | D        | Got the +0 pair of gloves of the Eternal Fruit {rPois Regen+ Str+5}
  1957 | D        | Got the +2 chain mail of the Tired Wars {rF+ SInv}
  2028 | D        | Gained mutation: You tend to lose your temper in combat. [mutagenic glow]
  2039 | D        | Noticed Aizul
  2055 | D        | Killed Aizul
  2055 | D        | Received a gift from Trog
  2078 | D        | Noticed Azrael
  2083 | D        | Received a gift from Trog
  2088 | D        | Killed Azrael
  2098 | D        | Noticed Nikola
  2109 | D        | Killed Nikola
  2109 | D        | Received a gift from Trog
  2147 | D        | Noticed Ilsuiw
  2152 | D        | Received a gift from Trog
  2169 | D        | Killed Ilsuiw
  2169 | D        | Received a gift from Trog
  2169 | D        | Reached skill level 15 in Armour
  2171 | D        | Received a gift from Trog
  2181 | D        | Received a gift from Trog
  2188 | D        | Gained mutation: You are completely covered in icy blue scales. (AC +4, rC+) [demonic ancestry]
  2188 | D        | Reached XP level 15. HP: 135/139 MP: 25/28
  2202 | D        | Noticed a nagaraja
  2203 | D        | Noticed a nagaraja
  2210 | D        | Received a gift from Trog
  2217 | D        | Noticed a nagaraja
  2218 | D        | Killed a nagaraja
  2219 | D        | Noticed a nagaraja
  2221 | D        | Killed a nagaraja
  2221 | D        | Received a gift from Trog
  2221 | D        | Reached skill level 10 in Throwing
  2222 | D        | Noticed a nagaraja
  2223 | D        | Noticed a nagaraja
  2227 | D        | Killed a nagaraja
  2228 | D        | Lost mutation: You tend to lose your temper in combat. [potion of mutation]
  2228 | D        | Gained mutation: Armour fits poorly on your strangely shaped body. [potion of mutation]
  2228 | D        | Gained mutation: You have a beak for a mouth. [potion of mutation]
  2228 | D        | Gained mutation: Your muscles are strong. (Str +2) [potion of mutation]
  2228 | D        | Gained mutation: Your flesh is heat resistant. (rF+) [potion of mutation]
  2229 | D        | Received a gift from Trog
  2231 | D        | Killed a nagaraja
  2231 | D        | Received a gift from Trog
  2232 | D        | Killed a nagaraja
  2233 | D        | Killed a nagaraja
  2237 | D        | Got a serpentine rune of Zot
  2251 | D        | Received a gift from Trog
  2251 | D        | Received a gift from Trog
  2259 | D        | Received a gift from Trog
  2262 | D        | Received a gift from Trog
  2270 | D        | Got a decaying rune of Zot
  2278 | D        | Received a gift from Trog
  2281 | D        | Received a gift from Trog
  2287 | D        | Killed a ghost moth
  2300 | D        | Killed a ghost moth
  2308 | D        | Received a gift from Trog
  2325 | D        | Got a gossamer rune of Zot
  2417 | D        | Received a gift from Trog
  2420 | D        | Received a gift from Trog
  2443 | D        | Received a gift from Trog
  2449 | D        | Reached XP level 16. HP: 133/152 MP: 23/31
  2454 | D        | Received a gift from Trog
  2454 | D        | Reached skill level 10 in Dodging
  2480 | D        | Received a gift from Trog
  2485 | D        | Noticed a lich
  2488 | D        | Reached skill level 1 in Shields
  2491 | D        | Received a gift from Trog
  2496 | D        | Killed a lich
  2496 | D        | Received a gift from Trog
  2497 | D        | Noticed a sphinx
  2501 | D        | Noticed a shadow dragon
  2504 | D        | Killed a sphinx
  2506 | D        | Noticed a shadow dragon
  2506 | D        | Received a gift from Trog
  2509 | D        | Killed a shadow dragon
  2513 | D        | Received a gift from Trog
  2513 | D        | Reached skill level 5 in Shields
  2514 | D        | Received a gift from Trog
  2517 | D        | Killed a shadow dragon
  2521 | D        | Noticed a tengu reaver
  2527 | D        | Received a gift from Trog
  2529 | D        | Killed a tengu reaver
  2530 | D        | Received a gift from Trog
  2537 | D        | Noticed a shadow dragon
  2537 | D        | Noticed a titan
  2537 | D        | Noticed an ancient lich
  2537 | D        | Noticed a shadow dragon
  2538 | D        | Noticed a shadow dragon
  2543 | D        | Noticed a tentacled monstrosity
  2546 | D        | Killed a shadow dragon
  2549 | D        | Killed a shadow dragon
  2552 | D        | Noticed a shadow dragon
  2552 | D        | Killed a titan
  2555 | D        | Killed an ancient lich
  2555 | D        | Received a gift from Trog
  2556 | D        | Killed a shadow dragon
  2556 | D        | Received a gift from Trog
  2559 | D        | Killed a tentacled monstrosity
  2562 | D        | Killed a shadow dragon
  2562 | D        | Reached skill level 27 in Evocations
  2571 | D        | Got a silver rune of Zot
  2588 | D        | Noticed Xtahua
  2609 | D        | Killed Xtahua
  2609 | D        | Received a gift from Trog
  2609 | D        | Gained mutation: You have a pair of large horns on your head. [demonic ancestry]
  2609 | D        | Reached XP level 17. HP: 162/162 MP: 29/34
  2650 | D        | Noticed Margery
  2665 | D        | Killed Margery
  2665 | D        | Received a gift from Trog
  2665 | D        | Reached skill level 10 in Shields
  2670 | D        | Noticed Sojobo
  2671 | D        | Received a gift from Trog
  2672 | D        | Received a gift from Trog
  2686 | D        | Killed Sojobo
  2688 | D        | Received a gift from Trog
  2748 | D        | Got the amulet of the Elephant {+Inv rN+ Regen+}
  2752 | D        | Got the ring of the Townfolk {rC++ Str+3 Int+4 Dex-3}
  2780 | D        | Noticed minicreteconcrete's illusion
  2791 | D        | Noticed minicreteconcrete's illusion
  2802 | D        | Killed Mara
  2805 | D        | Got the ring "Joxkotul" {rC+ Int+3 Slay+3}
  2820 | D        | Lost mutation: Your muscles are strong. (Str +2) [potion of mutation]
  2820 | D        | Lost mutation: You have a beak for a mouth. [potion of mutation]
  2820 | D        | Lost mutation: Armour fits poorly on your strangely shaped body. [potion of mutation]
  2820 | D        | Lost mutation: Your flesh is heat resistant. (rF+) [potion of mutation]
  2820 | D        | Gained mutation: You are robust. (+10% HP) [potion of mutation]
  2820 | D        | Gained mutation: You are resistant to electric shocks. (rElec) [potion of mutation]
  2935 | D        | Noticed a lich
  2937 | D        | Received a gift from Trog
  2941 | D        | Killed a lich
  2947 | D        | Received a gift from Trog
  2952 | D        | Received a gift from Trog
  2959 | D        | Noticed a bone dragon
  2959 | D        | Noticed a bone dragon
  2959 | D        | Noticed a bone dragon
  2959 | D        | Noticed a golden dragon
  2970 | D        | Killed a bone dragon
  2983 | D        | Killed a bone dragon
  2983 | D        | Received a gift from Trog
  2996 | D        | Killed a bone dragon
  2996 | D        | Reached skill level 15 in Shields
  2998 | D        | Killed a golden dragon
  3012 | D        | Received a gift from Trog
  3024 | D        | Noticed a tentacled monstrosity
  3029 | D        | Killed a tentacled monstrosity
  3036 | D        | Gained mutation: When low on magic, you restore magic in place of health. [demonic ancestry]
  3036 | D        | Reached XP level 18. HP: 118/192 MP: 32/35
  3037 | D        | Received a gift from Trog
  3049 | D        | Noticed a tentacled monstrosity
  3065 | D        | Killed a tentacled monstrosity
  3065 | D        | Received a gift from Trog
  3093 | D        | Noticed a tentacled monstrosity
  3093 | D        | Noticed a tentacled monstrosity
  3094 | D        | Noticed a tentacled monstrosity
  3099 | D        | Killed a tentacled monstrosity
  3100 | D        | Noticed a curse toe
  3101 | D        | Received a gift from Trog
  3106 | D        | Killed a tentacled monstrosity
  3108 | D        | Killed a tentacled monstrosity
  3112 | D        | Received a gift from Trog
  3122 | D        | Killed a curse toe
  3139 | D        | Noticed a tentacled monstrosity
  3149 | D        | Received a gift from Trog
  3150 | D        | Received a gift from Trog
  3158 | D        | Killed a tentacled monstrosity
  3163 | D        | Received a gift from Trog
  3260 | D        | Noticed an Orb Guardian
  3260 | D        | Noticed an Orb Guardian
  3260 | D        | Noticed an Orb Guardian
  3260 | D        | Noticed an Orb Guardian
  3260 | D        | Noticed an Orb Guardian
  3260 | D        | Noticed an Orb Guardian
  3267 | D        | Killed an Orb Guardian
  3267 | D        | Received a gift from Trog
  3268 | D        | Noticed an Orb Guardian
  3269 | D        | Killed an Orb Guardian
  3270 | D        | Noticed an Orb Guardian
  3271 | D        | Killed an Orb Guardian
  3273 | D        | Noticed an Orb Guardian
  3273 | D        | Killed an Orb Guardian
  3273 | D        | Received a gift from Trog
  3274 | D        | Killed an Orb Guardian
  3274 | D        | Received a gift from Trog
  3276 | D        | Killed an Orb Guardian
  3277 | D        | Noticed an Orb Guardian
  3279 | D        | Killed an Orb Guardian
  3279 | D        | Received a gift from Trog
  3282 | D        | Killed an Orb Guardian
  3286 | D        | Killed an Orb Guardian
  3286 | D        | Received a gift from Trog
  3286 | D        | Killed an Orb Guardian
  3295 | D        | Noticed a golden dragon
  3295 | D        | Noticed an Orb Guardian
  3295 | D        | Noticed an Orb Guardian
  3295 | D        | Noticed a tentacled monstrosity
  3295 | D        | Noticed a tentacled monstrosity
  3300 | D        | Killed a golden dragon
  3300 | D        | Received a gift from Trog
  3301 | D        | Killed an Orb Guardian
  3301 | D        | Gained mutation: You resist negative energy. (rN+) [demonic ancestry]
  3301 | D        | Reached XP level 19. HP: 206/206 MP: 36/36
  3306 | D        | Received a gift from Trog
  3310 | D        | Reached skill level 27 in Fighting
  3311 | D        | Received a gift from Trog
  3313 | D        | Reached skill level 27 in Long Blades
  3322 | D        | Noticed an ancient lich
  3332 | D        | Killed an ancient lich
  3332 | D        | Reached skill level 27 in Shields
  3335 | D        | Noticed an orb of fire
  3337 | D        | Gained mutation: You tend to lose your temper in combat. [an orb of fire]
  3345 | D        | Killed an orb of fire
  3345 | D        | Received a gift from Trog
  3349 | D        | Noticed an electric golem
  3370 | D        | Killed an electric golem
  3374 | D        | Noticed an orb of fire
  3374 | D        | Noticed an electric golem
  3374 | D        | Noticed an electric golem
  3380 | D        | Noticed an orb of fire
  3387 | D        | Received a gift from Trog
  3388 | D        | Lost mutation: You are robust. (+10% HP) [an orb of fire]
  3389 | D        | Gained mutation: You are frail. (-10% HP) [an orb of fire]
  3398 | D        | Killed an orb of fire
  3398 | D        | Gained mutation: You are clumsy. (Dex -2) [an orb of fire]
  3403 | D        | Gained mutation: You occasionally shout uncontrollably at your foes. [an orb of fire]
  3406 | D        | Reached skill level 15 in Dodging
  3406 | D        | Reached skill level 10 in Stealth
  3413 | D        | Gained mutation: Scrolls take you a little longer to read. [an orb of fire]
  3414 | D        | Killed an orb of fire
  3440 | D        | Killed an electric golem
  3440 | D        | Received a gift from Trog
  3449 | D        | Killed an electric golem
  3457 | D        | Noticed an orb of fire
  3458 | D        | Noticed an electric golem
  3477 | D        | Killed an orb of fire
  3495 | D        | Killed an electric golem
  3495 | D        | Received a gift from Trog
  3495 | D        | Reached skill level 15 in Throwing
  3513 | D        | Reached XP level 20. HP: 173/174 MP: 37/37
  3513 | D        | Received a gift from Trog
  3520 | D        | Reached skill level 15 in Stealth
  3533 | D        | Received a gift from Trog
  3627 | D        | Received a gift from Trog
  3632 | D        | Noticed an ancient lich
  3635 | D        | Received a gift from Trog
  3639 | D        | Paralysed by something for 4 turns
  3649 | D        | Killed an ancient lich
  3651 | D        | Received a gift from Trog
  3669 | D        | Received a gift from Trog
  3683 | D        | Received a gift from Trog
  3686 | D        | Received a gift from Trog
  3698 | D        | Received a gift from Trog
  3702 | D        | Received a gift from Trog
  3712 | D        | Got an elven rune of Zot
  3715 | D        | Received a gift from Trog
  3717 | D        | Received a gift from Trog
  3729 | D        | Received a gift from Trog
  3729 | D        | Reached skill level 27 in Armour
  3731 | D        | Received a gift from Trog
  3736 | D        | Noticed the Royal Jelly
  3750 | D        | Killed the Royal Jelly
  3750 | D        | Received a gift from Trog
  3763 | D        | Got a slimy rune of Zot
  3768 | D        | Reached XP level 21. HP: 124/180 MP: 25/38
  3773 | D        | Received a gift from Trog
  3876 | D        | Received a gift from Trog
  3876 | D        | Received a gift from Trog
  3877 | D        | Paralysed by a sphinx for 5 turns
  3882 | D        | Received a gift from Trog
  3900 | D        | Received a gift from Trog
  3942 | D        | Noticed a greater mummy
  3943 | D        | Received a gift from Trog
  3950 | D        | Killed a greater mummy
  3956 | D        | Received a gift from Trog
  3985 | D        | Received a gift from Trog
  3994 | D        | Noticed a greater mummy
  3994 | D        | Noticed a greater mummy
  3994 | D        | Noticed a greater mummy
  3994 | D        | Noticed a greater mummy
  3996 | D        | Received a gift from Trog
  3997 | D        | Noticed a greater mummy
  4000 | D        | HP: 7/180 [greater mummy (6)]
  4055 | D        | Killed a greater mummy
  4055 | D        | Received a gift from Trog
  4055 | D        | Reached skill level 27 in Throwing
  4089 | D        | Killed a greater mummy
  4095 | D        | Killed a greater mummy
  4126 | D        | Noticed a greater mummy
  4133 | D        | Killed a greater mummy
  4133 | D        | Received a gift from Trog
  4136 | D        | Killed a greater mummy
  4141 | D        | Killed a greater mummy
  4172 | D        | Got a golden rune of Zot
  4179 | D        | Received a gift from Trog
  4187 | D        | Received a gift from Trog
  4194 | D        | Got an abyssal rune of Zot
  4318 | D        | Noticed Geryon
  4328 | D        | Killed Geryon
  4340 | D        | Noticed Dispater
  4340 | D        | Noticed Ereshkigal
  4342 | D        | Noticed Antaeus
  4346 | D        | Noticed Mnoleg
  4370 | D        | Killed Dispater
  4378 | D        | HP: 8/176 [??? (1)]
  4480 | D        | Killed Ereshkigal
  4480 | D        | Reached skill level 27 in Dodging
  4480 | D        | Reached skill level 27 in Stealth
  4581 | D        | Killed Antaeus
  4581 | D        | Reached XP level 22. HP: 41/183 MP: 10/39
  4698 | D        | Killed Mnoleg
  4748 | D        | Got an iron rune of Zot
  4749 | D        | Noticed Cerebov
  4752 | D        | Got a bone rune of Zot
  4768 | D        | HP: 14/282 [Cerebov/great serpentine sword {flame} (3)]
  4772 | D        | HP: 3/282 [Cerebov/great serpentine sword {flame} (15)]
  4772 | D        | HP: 1/282 [Cerebov/great serpentine sword {flame} (2)]
  4785 | D        | Identified the +6 sword of Cerebov {flame}
  4785 | D        | Mangled by Cerebov

Vault maps used:
D:        linesprint

Skill      XL: |  1  2  3  4  5  6  7  8  9 10 11 12 13 14 15 16 17 18 19 20 21 22 |
---------------+-------------------------------------------------------------------+-----
Long Blades    | 3 5 8 9 10 11 13 15 17 19 20 21 22 23 25 26 27 | 27.0
Armour         | 2 3 4 5 6 8 9 10 12 13 15 17 19 21 25 27 | 27.0
Dodging        | 2 3 4 5 6 7 8 9 10 11 17 21 27 | 27.0
Fighting       | 5 6 7 8 9 10 11 13 15 16 17 19 21 22 24 26 27 | 27.0
Stealth        | 1 2 4 13 19 27 | 27.0
Evocations     | 5 10 15 19 22 27 | 27.0
Throwing       | 2 7 9 11 12 15 24 27 | 27.0
Shields        | 9 17 25 27 | 27.0
Axes           | 7 9 |  9.4
Staves         | 6 9 |  9.3
Unarmed Combat | 6 9 |  9.3

Action                   |  1- 3 |  4- 6 |  7- 9 | 10-12 | 13-15 | 16-18 | 19-21 | 22-24 || total
-------------------------+-------+-------+-------+-------+-------+-------+-------+-------++-------
Melee: Falchion          |    31 |       |       |       |       |       |       |       ||    31
       Headbutt          |     3 |     6 |    23 |    43 |    73 |   113 |   115 |    36 ||   412
       Scimitar          |     3 |    20 |    81 |       |       |       |       |       ||   104
       Great sword       |       |       |       |   151 |    71 |       |   130 |    74 ||   426
       Demon blade       |       |       |       |       |   115 |   256 |   199 |       ||   570
       Peck              |       |       |       |       |    21 |    43 |       |       ||    64
Throw: Javelin           |       |       |       |    13 |    24 |     6 |    63 |     2 ||   108
Invok: Trog's Hand       |     2 |     1 |     3 |    12 |    22 |     9 |    21 |     6 ||    76
       Berserk           |     1 |     1 |     1 |       |     4 |     3 |     3 |     1 ||    14
       Brothers in Arms  |       |       |     2 |     4 |     8 |     2 |     7 |       ||    23
 Abil: Evoke Invisibilit |       |       |       |     1 |     1 |       |       |       ||     2
Evoke: Lamp of fire      |       |       |       |     7 |    21 |    38 |    42 |     1 ||   109
       Wand              |       |       |       |     1 |     9 |       |     5 |       ||    15
       Horn of Geryon    |       |       |       |       |       |       |     1 |       ||     1
  Use: Scroll            |       |       |       |     2 |     4 |    10 |     1 |       ||    17
       Potion            |       |       |       |     1 |     7 |     4 |     3 |     1 ||    16
 Stab: Invisible         |       |       |       |     3 |     1 |       |       |       ||     4
       Sleeping          |       |       |       |       |       |       |     4 |       ||     4
  Eat: Chunk             |       |       |     4 |     8 |     4 |       |       |     2 ||    18
       Bread ration      |       |       |       |     1 |     4 |     1 |     4 |       ||    10
       Meat ration       |       |       |       |       |     1 |     1 |       |       ||     2
Armor: Animal skin       |     2 |       |       |       |       |       |       |       ||     2
       Chain mail        |     1 |     5 |    29 |    46 |    56 |    67 |   109 |    31 ||   344
Dodge: Dodged            |    15 |     7 |    43 |    62 |    74 |    48 |   160 |    80 ||   489
Block: Large shield      |       |       |       |       |       |   153 |   210 |       ||   363
       Rpst.: Falchion   |     5 |       |       |       |       |       |       |       ||     5
       Scimitar          |       |     2 |    11 |       |       |       |       |       ||    13
       Great sword       |       |       |       |    15 |     1 |       |    13 |    13 ||    42
       Demon blade       |       |       |       |       |     9 |     8 |     6 |       ||    23
